[Event "Live Chess"]
[Site "Chess.com"]
[Date "2020.04.05"]
[Round "?"]
[White "Devadithya, Lavindu"]
[Black "Hack, Don"]
[Result "1-0"]
[WhiteElo "1535"]
[BlackElo "1204"]
[PlyCount "87"]
[EventDate "2020.??.??"]
[TimeControl "5400+30"]

1. d4 d5 2. c4 c6 3. e3 Nf6 4. Nf3 e6 5. Nbd2 Nbd7 6. Bd3 c5 7. O-O cxd4 8.
exd4 b6 9. cxd5 Nxd5 10. Nc4 Bb7 11. Nce5 Be7 12. Bb5 N5f6 13. Nxd7 Nxd7 14.
Ne5 Bc8 15. Qf3 O-O 16. Qxa8 Nxe5 17. dxe5 Qc7 18. Qe4 Bb7 19. Qf4 a6 20. Be2
a5 21. Be3 h6 22. Rac1 Qb8 23. Qg3 Kh8 24. Rfd1 Rg8 25. Qh3 Qxe5 26. Bxh6 Bxg2
27. Bf4+ Bxh3 28. Bxe5 f6 29. Bd6 Bd8 30. Rc3 Bf5 31. Bd3 g6 32. Bxf5 gxf5+ 33.
Rg3 Rg7 34. Rxg7 Kxg7 35. Bf8+ Kxf8 36. Rxd8+ Ke7 37. Rg8 f4 38. h4 e5 39. h5
e4 40. h6 e3 41. fxe3 fxe3 42. h7 e2 43. Kf2 e1=Q+ 44. Kxe1 {Lavindu won by
resignation} 1-0

[Event "Live Chess"]
[Site "Chess.com"]
[Date "2020.04.04"]
[Round "?"]
[White "M. Zhang, Michael"]
[Black "Brown, Northern"]
[Result "0-1"]
[WhiteElo "977"]
[BlackElo "1480"]
[PlyCount "58"]
[EventDate "2020.??.??"]
[TimeControl "5400+30"]

1. e4 g6 2. Nf3 Bg7 3. Nc3 d6 4. d4 Nf6 5. Bc4 O-O 6. h3 c6 7. g4 b5 8. Bd3
Nbd7 9. g5 Ne8 10. h4 a6 11. h5 c5 12. dxc5 Nxc5 13. hxg6 fxg6 14. a3 Bg4 15.
Be2 Rc8 16. Nd4 Bd7 17. Bh5 e5 18. Nb3 Ne6 19. Bg4 Nf4 20. Bxd7 Qxd7 21. Bxf4
exf4 22. Qd5+ Qf7 23. Qxf7+ Rxf7 24. Kd2 Rfc7 25. Kd3 Bxc3 26. bxc3 Rxc3+ 27.
Kd4 Rxc2 28. Na5 Ng7 29. Nb7 Rd2# {Asphalt8User229 won by checkmate} 0-1

[Event "Live Chess"]
[Site "Chess.com"]
[Date "2020.04.04"]
[Round "?"]
[White "Brown, Northern"]
[Black "HAITU2009"]
[Result "0-1"]
[WhiteElo "1480"]
[BlackElo "1344"]
[PlyCount "72"]
[EventDate "2020.??.??"]
[TimeControl "5400+30"]

1. Nf3 d5 2. g3 c5 3. Bg2 Nf6 4. c4 d4 5. O-O Nc6 6. a3 e5 7. d3 a5 8. Bg5 Be7
9. Qb3 O-O 10. Nbd2 a4 11. Qc2 Bd7 12. b3 axb3 13. Nxb3 b6 14. Rfb1 h6 15. Bd2
Qc7 16. a4 Ra6 17. Rb2 Rfa8 18. Rba2 R8a7 19. Ne1 Nb4 20. Bxb4 cxb4 21. Nd2 Ra5
22. Qb3 Bc5 23. Nc2 Qd6 24. Ne4 Nxe4 25. Bxe4 Qe7 26. Bg2 g6 27. e3 dxe3 28.
fxe3 Qe8 29. d4 Bxa4 30. Rxa4 Rxa4 31. Rxa4 Qxa4 32. Qxa4 Rxa4 33. dxc5 b3 34.
Ne1 b2 35. Be4 Rxc4 36. Bc2 Rxc2 {HAITU2009 won by resignation} 0-1

[Event "Live Chess"]
[Site "Chess.com"]
[Date "2020.04.04"]
[Round "?"]
[White "Devadithya, Hiruna"]
[Black "Brown, Northern"]
[Result "0-1"]
[WhiteElo "1148"]
[BlackElo "1480"]
[PlyCount "116"]
[EventDate "2020.??.??"]
[TimeControl "5400+30"]

1. e4 g6 2. d4 Bg7 3. Nc3 d6 4. Nf3 Nf6 5. Bf4 O-O 6. Be2 Nbd7 7. e5 c6 8. exf6
Nxf6 9. O-O b5 10. a3 Nh5 11. Bg3 f5 12. Nh4 Nf6 13. f4 Qb6 14. Bf2 Qc7 15. d5
a6 16. dxc6 Be6 17. Bd4 Rac8 18. Re1 Bf7 19. Bf3 Rfe8 20. Qd2 e5 21. fxe5 dxe5
22. Bxe5 Rxe5 23. Rxe5 Qxe5 24. Re1 Qc5+ 25. Kh1 Qc4 26. g3 Qc5 27. Ng2 Ng4 28.
Bxg4 fxg4 29. Qd7 Qxc6 30. Qxg4 Bxc3 31. bxc3 Qxc3 32. Re2 Rd8 33. Re7 Qxa3 34.
Qg5 Qf3 35. Re1 Rd1 36. Kg1 Qd5 37. Qxd5 Rxe1+ 38. Kf2 Bxd5 39. Nxe1 Kf7 40.
Ke3 Ke6 41. Kd4 a5 42. Kc3 b4+ 43. Kb2 Ke5 44. c3 b3 45. Nd3+ Ke4 46. Nc5+ Ke3
47. Nxb3 Bxb3 48. Kxb3 Kd3 49. c4 a4+ 50. Kxa4 Kxc4 51. Ka5 Kd3 52. Kb5 Ke3 53.
Kc5 Kf3 54. Kd5 Kg2 55. Ke5 Kxh2 56. Kf4 Kh3 57. g4 Kh4 58. Kf3 g5 {
Asphalt8User229 won by resignation} 0-1

[Event "Live Chess"]
[Site "Chess.com"]
[Date "2020.04.05"]
[Round "?"]
[White "Brown, Northern"]
[Black "Bunch, Drew"]
[Result "0-1"]
[WhiteElo "1480"]
[BlackElo "1169"]
[PlyCount "90"]
[EventDate "2020.??.??"]
[TimeControl "5400+30"]

1. Nf3 Nf6 2. g3 d5 3. d4 Bf5 4. Bg2 e6 5. c4 Bb4+ 6. Bd2 Bxd2+ 7. Nbxd2 h6 8.
Rc1 Nc6 9. O-O O-O 10. Re1 Re8 11. Qb3 Rb8 12. cxd5 exd5 13. Nf1 Be4 14. Ne3
Bxf3 15. exf3 Nxd4 16. Qd3 Ne6 17. b4 c6 18. Red1 Qb6 19. b5 d4 20. Nf5 cxb5
21. Rb1 a6 22. a4 Nd5 23. Nxd4 Qxd4 24. Qxd4 Nxd4 25. Rxd4 Nc3 26. Rb2 Ne2+ 27.
Rxe2 Rxe2 28. axb5 Re1+ 29. Bf1 Rc8 30. Kg2 a5 31. Rd7 b6 32. Rb7 Re6 33. Bd3
g6 34. Bb1 Ra8 35. Ba2 Rf6 36. h4 g5 37. hxg5 hxg5 38. g4 Rd8 39. Re7 Rd3 40.
Re8+ Kg7 41. Bb1 Rdxf3 42. Bf5 Rb3 43. Re5 Rb2 44. Kg3 a4 45. f4 Rb3+ {
drewbchess won by resignation} 0-1

[Event "Live Chess"]
[Site "Chess.com"]
[Date "2020.04.05"]
[Round "?"]
[White "Brown, Northern"]
[Black "Ramkumar, Aditya"]
[Result "1/2-1/2"]
[WhiteElo "1480"]
[BlackElo "1452"]
[PlyCount "79"]
[EventDate "2020.??.??"]
[TimeControl "5400+30"]

1. Nf3 Nf6 2. g3 g6 3. Bg2 Bg7 4. c4 d6 5. d4 O-O 6. Nc3 Nbd7 7. Bg5 c5 8. d5
Nb6 9. b3 Bf5 10. Rc1 Re8 11. O-O Ne4 12. Nxe4 Bxe4 13. Qd2 a5 14. Bh6 a4 15.
Bxg7 Kxg7 16. Qf4 Bxf3 17. Bxf3 axb3 18. axb3 Nd7 19. Ra1 Qb6 20. Qe3 Ne5 21.
Bg2 Qb4 22. f4 Ng4 23. Qd3 Ra3 24. Rxa3 Qxa3 25. Bh3 Nf6 26. e4 Ra8 27. e5 Ne8
28. e6 f6 29. f5 g5 30. Bg4 Qa2 31. Rf2 Qa5 32. Bh5 Nc7 33. Qf3 Qb4 34. h4 Ra1+
35. Kg2 Qe1 36. Rf1 Qxf1+ 37. Qxf1 Rxf1 38. Kxf1 Kh6 39. Bg4 Na6 40. Ke2 {
Game drawn by agreement} 1/2-1/2

[Event "Live Chess"]
[Site "Chess.com"]
[Date "2020.04.04"]
[Round "?"]
[White "Ramkumar, Aditya"]
[Black "Huffaker, Jacob"]
[Result "1/2-1/2"]
[WhiteElo "1452"]
[BlackElo "889"]
[PlyCount "75"]
[EventDate "2020.??.??"]
[TimeControl "5400+30"]

1. e4 e5 2. Nf3 Nc6 3. Bc4 Nf6 4. d3 h6 5. c3 Na5 6. Nxe5 Nxc4 7. Nxc4 d5 8.
exd5 Qxd5 9. Ne3 Qc6 10. O-O b6 11. Nd2 Bb7 12. Nf3 O-O-O 13. Nd4 Qd7 14. Nc4
c5 15. Ne5 Qd5 16. Ndf3 Bd6 17. c4 Qe6 18. Re1 Rhe8 19. Nc6 Qxe1+ 20. Nxe1 Bxc6
21. Be3 Re6 22. h3 Rf8 23. Rb1 Nd7 24. a3 f5 25. b4 Rfe8 26. b5 Bb7 27. Bd2 g5
28. a4 Bf4 29. g3 Bxd2 30. Qxd2 Re2 31. Qc3 Ra2 32. Ra1 Rxa1 33. Qxa1 Kc7 34.
Ng2 Rg8 35. Kh2 Re8 36. h4 Ne5 37. Qc3 Nf3+ 38. Kh1 {Game drawn by agreement}
1/2-1/2

[Event "Live Chess"]
[Site "Chess.com"]
[Date "2020.04.04"]
[Round "?"]
[White "Bunch, Drew"]
[Black "Ramkumar, Aditya"]
[Result "1-0"]
[WhiteElo "1169"]
[BlackElo "1452"]
[PlyCount "87"]
[EventDate "2020.??.??"]
[TimeControl "5400+30"]

1. e4 c5 2. Nf3 d6 3. d4 cxd4 4. Nxd4 Nf6 5. Nc3 a6 6. Bc4 e6 7. O-O Be7 8. h3
O-O 9. Be3 b5 10. Bb3 b4 11. Na4 Nxe4 12. Nxe6 Bxe6 13. Bd5 Bxd5 14. Qxd5 Nd7
15. Qxe4 a5 16. Rad1 Nf6 17. Qd3 Qc7 18. Rfe1 Rfe8 19. Nb6 Rab8 20. Nc4 d5 21.
Nd2 Bc5 22. Bg5 Qb6 23. Qf3 Bd4 24. Bxf6 Qxf6 25. Qxf6 Bxf6 26. b3 Rxe1+ 27.
Rxe1 Bc3 28. Re2 d4 29. Nc4 Ra8 30. Nxa5 g6 31. Nb7 Rxa2 32. Nc5 Kg7 33. Nd3
Kf6 34. Kh2 h5 35. Kg3 Kg5 36. Kf3 f5 37. g3 h4 38. Nf4 hxg3 39. fxg3 Kh6 40.
Nd5 Ra5 41. Nf4 Ra2 42. h4 g5 43. hxg5+ Kxg5 44. Re6 {drewbchess won by
resignation} 1-0

[Event "Live Chess"]
[Site "Chess.com"]
[Date "2020.04.04"]
[Round "?"]
[White "Ramkumar, Aditya"]
[Black "Ruff, Lois"]
[Result "1-0"]
[WhiteElo "1452"]
[BlackElo "1027"]
[PlyCount "105"]
[EventDate "2020.??.??"]
[TimeControl "5400+30"]

1. e4 c5 2. Nf3 e6 3. d4 cxd4 4. Nxd4 Nc6 5. Nc3 a6 6. Be3 Qc7 7. Be2 Bb4 8.
Qd2 Nge7 9. a3 Bc5 10. Nxe6 dxe6 11. Bxc5 O-O 12. O-O b6 13. Be3 Bb7 14. f4
Rfd8 15. Bd3 Na7 16. Qf2 Ng6 17. Bxb6 Qc6 18. Bxd8 Rxd8 19. Qxa7 e5 20. f5 Nf4
21. Rxf4 exf4 22. Qf2 Qh6 23. Rf1 a5 24. Qxf4 Qb6+ 25. Kh1 Qxb2 26. Nb5 Ba6 27.
Qc7 Qf6 28. e5 Rc8 29. Qxc8+ Bxc8 30. exf6 gxf6 31. Nd6 Bb7 32. Nxb7 h5 33. Nd6
Kg7 34. Nxf7 Kxf7 35. Bc4+ Kg7 36. Rb1 h4 37. Rb5 a4 38. Bb3 axb3 39. cxb3 Kh6
40. a4 Kg5 41. a5 h3 42. g4 Kf4 43. a6 Kxg4 44. a7 Kf3 45. a8=Q+ Kf2 46. Qa2+
Kf3 47. Re5 fxe5 48. f6 e4 49. f7 e3 50. f8=Q+ Kg4 51. Qa4+ Kg5 52. Qaf4+ Kh5
53. Q8f5# {adi0708 won by checkmate} 1-0

[Event "Live Chess"]
[Site "Chess.com"]
[Date "2020.04.05"]
[Round "?"]
[White "Kona, Vidip"]
[Black "Ramkumar, Aditya"]
[Result "1/2-1/2"]
[WhiteElo "1261"]
[BlackElo "1452"]
[PlyCount "94"]
[EventDate "2020.??.??"]
[TimeControl "5400+30"]

1. e4 c5 2. Nf3 d6 3. d4 cxd4 4. Nxd4 Nf6 5. Nc3 a6 6. g3 e5 7. Nb3 Be6 8. Bg2
Be7 9. O-O O-O 10. h3 Nbd7 11. Be3 Qc7 12. f4 Rac8 13. Qf3 b5 14. Rf2 b4 15.
Ne2 d5 16. Nec1 dxe4 17. Qe2 Bc4 18. Qe1 Bd6 19. Ne2 Rfe8 20. f5 Nd5 21. Bg5 f6
22. Bh4 e3 23. Rf1 e4 24. Nbd4 Nc5 25. b3 Bxe2 26. Nxe2 Be5 27. Rd1 Rcd8 28. g4
h6 29. Bg3 Bxg3 30. Qxg3 Qxg3 31. Nxg3 Nc3 32. Rde1 Rd2 33. Rxe3 Rxc2 34. Rfe1
Rxa2 35. Bxe4 N5xe4 36. Nxe4 Rxe4 37. Rxe4 Nxe4 38. Rxe4 a5 39. Rd4 Ra3 40. Rd3
a4 41. Rd8+ Kh7 42. bxa4 Rxa4 43. Rb8 Ra1+ 44. Kg2 Rb1 45. Kh2 b3 46. Kg2 b2
47. Kh2 h5 {Game drawn by agreement} 1/2-1/2

[Event "Live Chess"]
[Site "Chess.com"]
[Date "2020.04.05"]
[Round "?"]
[White "Ramkumar, Aditya"]
[Black "Devadithya, Hiruna"]
[Result "1-0"]
[WhiteElo "1452"]
[BlackElo "1148"]
[PlyCount "109"]
[EventDate "2020.??.??"]
[TimeControl "5400+30"]

1. e4 c5 2. Nf3 d6 3. d4 cxd4 4. Nxd4 Nf6 5. Nc3 a6 6. Be3 e6 7. f3 Nbd7 8. Bc4
b5 9. Bb3 Bb7 10. Qd2 d5 11. exd5 Bxd5 12. Bxd5 exd5 13. O-O-O Bb4 14. Nc6 Qc7
15. Nxb4 O-O 16. Nbxd5 Qc4 17. Qd4 Qxd4 18. Rxd4 Rfe8 19. Nc7 Rxe3 20. Nxa8 Re6
21. Rhd1 h6 22. Rxd7 Nxd7 23. Rxd7 Re1+ 24. Rd1 Re8 25. Nc7 Rc8 26. Nxa6 g6 27.
Nxb5 Rc6 28. Nac7 Rc4 29. Rd4 Rxd4 30. Nxd4 Kg7 31. a4 Kf6 32. Nde6 fxe6 33. a5
Ke7 34. Nxe6 Kd7 35. a6 Kc8 36. g4 Kb8 37. h4 Ka7 38. f4 Kxa6 39. f5 gxf5 40.
gxf5 Kb7 41. f6 Kc8 42. f7 Kd7 43. f8=Q Kxe6 44. Qf4 h5 45. Qg5 Kf7 46. Kd2 Ke6
47. Ke3 Kd6 48. Kd4 Kc6 49. Qc5+ Kd7 50. Qb6 Ke7 51. Ke5 Kf7 52. Qf6+ Ke8 53.
Qg7 Kd8 54. Kd6 Kc8 55. Qc7# {adi0708 won by checkmate} 1-0

[Event "Live Chess"]
[Site "Chess.com"]
[Date "2020.04.04"]
[Round "?"]
[White "Verma, Darsh"]
[Black "Beegala, Keshav"]
[Result "0-1"]
[WhiteElo "840"]
[BlackElo "1445"]
[PlyCount "95"]
[EventDate "2020.??.??"]
[TimeControl "5400+30"]

1. e4 c5 2. Nf3 Nc6 3. d4 cxd4 4. Nxd4 g6 5. Nc3 Bg7 6. Be3 d6 7. Bc4 Nf6 8.
Qf3 O-O 9. Nb3 Bg4 10. Qg3 Ne5 11. Be2 Bxe2 12. Nxe2 Nxe4 13. Qf4 f5 14. h3 g5
15. Qh2 f4 16. Bd4 f3 17. Ng1 fxg2 18. Qxg2 d5 19. f3 Nd6 20. Bxe5 Bxe5 21.
Qxg5+ Bg7 22. Qxd5+ Nf7 23. Qxb7 Bxb2 24. Rb1 Bc3+ 25. Ke2 Qd6 26. Qe4 Qa6+ 27.
Qd3 Qxa2 28. Rd1 Bg7 29. Nc1 Qe6+ 30. Kf1 Rfd8 31. Qe2 Rxd1+ 32. Qxd1 Qa6+ 33.
Nge2 Rd8 34. Qe1 Ne5 35. Qc3 Qe6 36. Nf4 Qf7 37. Nce2 Nc4 38. Qe1 Rd1 39. Qxd1
Ne3+ 40. Kf2 Nxd1+ 41. Rxd1 Qf6 42. Rg1 Kf7 43. Nh5 Qh4+ 44. Neg3 Bd4+ 45. Kg2
Bxg1 46. Ng7 Bd4 47. N7f5 Qf6 48. Nh4 {ninthAvenger won by resignation} 0-1

[Event "Live Chess"]
[Site "Chess.com"]
[Date "2020.04.04"]
[Round "?"]
[White "M. Zhang, Michael"]
[Black "Beegala, Keshav"]
[Result "0-1"]
[WhiteElo "977"]
[BlackElo "1445"]
[PlyCount "122"]
[EventDate "2020.??.??"]
[TimeControl "5400+30"]

1. e4 c5 2. Nf3 Nc6 3. d4 cxd4 4. Nxd4 g6 5. Nc3 Bg7 6. Nxc6 bxc6 7. Bc4 e6 8.
O-O Ne7 9. Re1 O-O 10. Be3 d5 11. exd5 cxd5 12. Qf3 Bd7 13. Bb5 Bxc3 14. Bxd7
Bxe1 15. Rxe1 Qxd7 16. Bh6 Nf5 17. Bxf8 Rxf8 18. Qh3 Qa4 19. g4 Nd4 20. c3 Nc6
21. Qh4 Qxa2 22. Re3 Qb1+ 23. Kg2 Qxb2 24. Rh3 Rd8 25. Qxh7+ Kf8 26. Rf3 Rd7
27. Qxg6 Ne5 28. Qh6+ Ke7 29. Qg5+ Kd6 30. Re3 Nc4 31. Qf4+ Kc6 32. Rd3 Qe2 33.
Rf3 Ne5 34. Re3 Qxg4+ 35. Qxg4 Nxg4 36. Rg3 f5 37. h3 Ne5 38. Re3 Kd6 39. f4
Ng6 40. Kg3 Rh7 41. Rd3 Rh4 42. Rf3 a5 43. Rf1 a4 44. Rf2 Rxf4 45. Ra2 Rc4 46.
Rc2 d4 47. Rd2 Rxc3+ 48. Kg2 d3 49. Kg3 a3 50. h4 Nxh4 51. Kxh4 e5 52. Kg5 e4
53. Kf4 Kd5 54. Kxf5 e3 55. Rd1 e2 56. Re1 d2 57. Rxe2 d1=Q 58. Re4 Qd3 59. Kf4
Qxe4+ 60. Kg5 Rg3+ 61. Kh6 Qg6# {ninthAvenger won by checkmate} 0-1

[Event "Live Chess"]
[Site "Chess.com"]
[Date "2020.04.05"]
[Round "?"]
[White "Beegala, Keshav"]
[Black "Hack, Don"]
[Result "0-1"]
[WhiteElo "1445"]
[BlackElo "1204"]
[PlyCount "62"]
[EventDate "2020.??.??"]
[TimeControl "5400+30"]

1. d4 d5 2. c4 c6 3. e3 Nf6 4. Nf3 Bg4 5. Nbd2 e6 6. Be2 Nbd7 7. O-O Be7 8. Qc2
Qc7 9. h3 Bf5 10. Bd3 Bxd3 11. Qxd3 dxc4 12. Nxc4 O-O-O 13. Qc2 Nd5 14. a3 N5b6
15. Nce5 Nxe5 16. Nxe5 Rdf8 17. Bd2 f6 18. Nd3 h5 19. b4 g5 20. Rac1 g4 21. Nf4
gxh3 22. Nxh3 Rfg8 23. b5 Bxa3 24. Ra1 Qd6 25. Qc3 Qd5 26. e4 Qxe4 27. f3 Rxg2+
28. Kxg2 Rg8+ 29. Kh1 Qh4 30. f4 Rg3 31. Rf3 Qxh3# {nonightlive won by
checkmate} 0-1

[Event "Live Chess"]
[Site "Chess.com"]
[Date "2020.04.05"]
[Round "?"]
[White "Nallabothula, Vineesh"]
[Black "Beegala, Keshav"]
[Result "0-1"]
[WhiteElo "1025"]
[BlackElo "1445"]
[PlyCount "60"]
[EventDate "2020.??.??"]
[TimeControl "5400+30"]

1. e4 c5 2. Nc3 Nc6 3. g3 g6 4. Bg2 Bg7 5. Nf3 d6 6. d3 Bg4 7. h3 Bxf3 8. Qxf3
Nd4 9. Qd1 Nf6 10. Be3 e5 11. Qd2 O-O 12. O-O-O Rb8 13. Bh6 b5 14. b3 Qa5 15.
Kb2 c4 16. h4 b4 17. Ne2 c3+ 18. Nxc3 bxc3+ 19. Qxc3 Qxc3+ 20. Kxc3 Rfc8+ 21.
Kb2 Rxc2+ 22. Kb1 Bxh6 23. Rhf1 Ng4 24. f3 Ne3 25. Bh1 Nxf1 26. Rxf1 Rbc8 27.
g4 Bf4 28. g5 Re2 29. Rg1 Rcc2 30. Rg2 Rc1# {ninthAvenger won by checkmate} 0-1

[Event "Live Chess"]
[Site "Chess.com"]
[Date "2020.04.04"]
[Round "?"]
[White "Deng, Grace"]
[Black "Ehrenberg, Joshua"]
[Result "1-0"]
[WhiteElo "1438"]
[BlackElo "673"]
[PlyCount "165"]
[EventDate "2020.??.??"]
[TimeControl "5400+30"]

1. e4 e5 2. Nf3 Nf6 3. Nc3 Bb4 4. d3 Nc6 5. Be2 O-O 6. O-O b6 7. Bg5 Be7 8. Qd2
h6 9. Bh4 Bb7 10. Bg3 d6 11. h3 Qd7 12. Nh4 Nd4 13. Nd1 Qc6 14. c3 Nxe2+ 15.
Qxe2 Ba6 16. Nf5 Rfe8 17. Re1 Bb7 18. Nde3 g6 19. Nxh6+ Kg7 20. Nhg4 Nh5 21.
Nd5 Nxg3 22. fxg3 Qc5+ 23. Nde3 Rh8 24. Kh2 Bg5 25. Rf1 Bc8 26. Qf3 Be6 27. Rf2
Raf8 28. Raf1 Bxa2 29. c4 d5 30. Nxd5 c6 31. Ndf6 Qe7 32. Kg1 b5 33. Qe2 bxc4
34. dxc4 Qe6 35. Qf3 Bxc4 36. Rd1 Rd8 37. Rxd8 Rxd8 38. h4 Bxf6 39. Nxf6 Rd3
40. Qg4 Qxg4 41. Nxg4 Rd1+ 42. Kh2 Be6 43. Nxe5 Re1 44. Nxc6 Rxe4 45. Rd2 Ra4
46. Rd3 Ra2 47. Rd2 a5 48. Nd4 a4 49. Nxe6+ fxe6 50. Rd4 Kf6 51. Kh3 Kf5 52.
g4+ Ke5 53. Rb4 a3 54. bxa3 Rxa3+ 55. Kh2 Kf6 56. Rf4+ Kg7 57. Rf3 Rxf3 58.
gxf3 Kf6 59. Kh3 g5 60. Kg3 e5 61. h5 Kg7 62. Kf2 Kf6 63. Ke3 Kg7 64. Ke4 Kf6
65. Kd5 Kg7 66. Kxe5 Kh6 67. Kf6 Kh7 68. Kxg5 Kg7 69. f4 Kh7 70. f5 Kh8 71. Kg6
Kg8 72. g5 Kf8 73. f6 Kg8 74. f7+ Kf8 75. h6 Ke7 76. h7 Kf8 77. h8=Q+ Ke7 78.
f8=Q+ Ke6 79. Qhf6+ Kd5 80. Q8d6+ Kc4 81. Qfd4+ Kb3 82. Q6b4+ Kc2 83. Qdd2# {
Deng16 won by checkmate} 1-0

[Event "Live Chess"]
[Site "Chess.com"]
[Date "2020.04.04"]
[Round "?"]
[White "Deng, Grace"]
[Black "Willy, Stephen"]
[Result "0-1"]
[WhiteElo "1438"]
[BlackElo "1137"]
[PlyCount "86"]
[EventDate "2020.??.??"]
[TimeControl "5400+30"]

1. e4 e5 2. Nf3 Nc6 3. Bb5 Bc5 4. O-O d6 5. h3 Nf6 6. Nc3 Be6 7. d3 Qd7 8. Be3
Bxe3 9. fxe3 Bxh3 10. gxh3 Qxh3 11. Qe2 h5 12. Qg2 Qd7 13. Nd5 O-O-O 14. Kf2 a6
15. Ba4 Ng4+ 16. Ke1 Qe6 17. Bxc6 bxc6 18. Nc3 Nxe3 19. Qf2 Nxf1 20. Qxf1 h4
21. Kd2 g5 22. Qg2 g4 23. Ng5 Qh6 24. Qxg4+ Kb7 25. Qf5 f6 26. Rg1 Rdf8 27. Kd1
fxg5 28. Qh3 Qf6 29. Ne2 Rhg8 30. Kc1 g4 31. Rxg4 Rxg4 32. Qxg4 Qf1+ 33. Kd2
Rf2 34. Ke3 h3 35. Ng3 Qg1 36. Ne2 Rxe2+ 37. Kxe2 Qxg4+ 38. Kd2 h2 39. Kc3 h1=Q
40. Kb3 Qhd1 41. a3 Qge2 42. d4 Qexc2+ 43. Kb4 Qdd2# {Stephenwilly won by
checkmate} 0-1

[Event "Live Chess"]
[Site "Chess.com"]
[Date "2020.04.05"]
[Round "?"]
[White "Verma, Darsh"]
[Black "Deng, Grace"]
[Result "1/2-1/2"]
[WhiteElo "840"]
[BlackElo "1438"]
[PlyCount "37"]
[EventDate "2020.??.??"]
[TimeControl "5400+30"]

1. e4 e5 2. Nf3 Nc6 3. Bc4 Bc5 4. O-O Nf6 5. Nc3 d6 6. d3 h6 7. Re1 Bg4 8. h3
Bh5 9. Be3 Bb6 10. Bxb6 axb6 11. Re3 Nd4 12. g4 Nxg4 13. hxg4 Bxg4 14. Bxf7+
Kxf7 15. Nxe5+ dxe5 16. Qxg4 Kg8 17. Rg3 Qe7 18. Nd5 Qf7 19. c3 {Game drawn by
agreement} 1/2-1/2

[Event "Live Chess"]
[Site "Chess.com"]
[Date "2020.04.05"]
[Round "?"]
[White "Deng, Grace"]
[Black "Huffaker, Jacob"]
[Result "1-0"]
[WhiteElo "1438"]
[BlackElo "889"]
[PlyCount "75"]
[EventDate "2020.??.??"]
[TimeControl "5400+30"]

1. e4 e5 2. Nf3 Nc6 3. Bb5 Nf6 4. O-O d6 5. Nc3 g6 6. h3 Bg7 7. d4 Bd7 8. d5
Ne7 9. Bxd7+ Qxd7 10. Re1 c6 11. Bg5 h6 12. dxc6 Qxc6 13. Bxf6 Bxf6 14. Qd2
O-O-O 15. Re3 h5 16. a4 g5 17. Nb5 Qb6 18. Rc3+ Nc6 19. Nxg5 Bxg5 20. Qxg5 a6
21. Qe7 Kb8 22. Qf6 axb5 23. axb5 Nd4 24. Rca3 Nxc2 25. Ra8+ Kc7 26. Rxd8 Rxd8
27. Rc1 Qc5 28. b6+ Kc8 29. Qg5 Qc4 30. Qd2 Qxe4 31. Rxc2+ Kb8 32. Qc3 Qc6 33.
Qb3 Qxc2 34. Qxc2 Rc8 35. Qa4 Rd8 36. Qa7+ Kc8 37. Qa8+ Kd7 38. Qxb7+ {Deng16
won by resignation} 1-0

[Event "Live Chess"]
[Site "Chess.com"]
[Date "2020.04.04"]
[Round "?"]
[White "Yadav, Arjun"]
[Black "Lakshminarayan, Rishi"]
[Result "0-1"]
[WhiteElo "553"]
[BlackElo "1426"]
[PlyCount "38"]
[EventDate "2020.??.??"]
[TimeControl "5400+30"]

1. d4 d5 2. Bf4 Nf6 3. Nf3 c5 4. e3 Nc6 5. Bd3 e6 6. Nbd2 Bd6 7. Bg3 O-O 8. c4
cxd4 9. exd4 dxc4 10. Bxc4 Bxg3 11. hxg3 Nxd4 12. Nxd4 Qxd4 13. Qc2 Bd7 14. Bd3
Qe5+ 15. Ne4 Nxe4 16. Bxe4 f5 17. f3 fxe4 18. fxe4 Qxg3+ 19. Qf2 Qxf2+ {
rishilakshminarayan won by resignation} 0-1

[Event "Live Chess"]
[Site "Chess.com"]
[Date "2020.04.04"]
[Round "?"]
[White "Nallabothula, Vineesh"]
[Black "Lakshminarayan, Rishi"]
[Result "0-1"]
[WhiteElo "1025"]
[BlackElo "1426"]
[PlyCount "148"]
[EventDate "2020.??.??"]
[TimeControl "5400+30"]

1. e4 c5 2. Nc3 e6 3. g3 Nc6 4. Bg2 a6 5. f4 Qc7 6. Nf3 Be7 7. f5 Nf6 8. fxe6
dxe6 9. d3 Rb8 10. Be3 b5 11. Qd2 Bb7 12. O-O O-O 13. Bf4 e5 14. Be3 Rfd8 15.
Qf2 Nd4 16. Rac1 Ng4 17. Qe1 h6 18. Bxd4 cxd4 19. Ne2 b4 20. c3 dxc3 21. bxc3
Rxd3 22. cxb4 Qb6+ 23. Kh1 Bxb4 24. Rb1 Bxe1 25. Rxb6 Ba5 26. Rb2 Ne3 27. Rfb1
Rd1+ 28. Rxd1 Nxd1 29. Rb1 Ne3 30. Rb3 Nxg2 31. Kxg2 Bc7 32. Nc3 Bc6 33. Rxb8+
Bxb8 34. Nd5 Kf8 35. Kf2 f5 36. Ke3 Ba7+ 37. Kd3 Bb5+ 38. Kd2 fxe4 39. Nxe5 Bc5
40. Ng4 Bc4 41. Nc3 Bb4 42. Nf2 e3+ 43. Kxe3 Bxc3 44. a3 Bf6 45. Nd3 Bxd3 46.
Kxd3 Ke7 47. Ke4 Ke6 48. a4 a5 49. h3 g5 50. g4 Be7 51. Kd4 Kd6 52. Kc4 Ke5 53.
Kb5 Bd8 54. Kc4 Kf4 55. Kd3 Kg3 56. Ke2 Kxh3 57. Kf3 Bc7 58. Kf2 Kxg4 59. Kg2
h5 60. Kh1 h4 61. Kg2 Kf4 62. Kf2 Ke4 63. Ke2 Kd4 64. Kf3 Kc3 65. Kg4 Kb4 66.
Kxg5 h3 67. Kg4 h2 68. Kf3 h1=Q+ 69. Kf2 Qh3 70. Ke2 Qg3 71. Kf1 Qh2 72. Ke1
Kc3 73. Kf1 Kd3 74. Ke1 Qe2# {rishilakshminarayan won by checkmate} 0-1

[Event "Live Chess"]
[Site "Chess.com"]
[Date "2020.04.05"]
[Round "?"]
[White "Hack, Don"]
[Black "Lakshminarayan, Rishi"]
[Result "1/2-1/2"]
[WhiteElo "1204"]
[BlackElo "1426"]
[PlyCount "61"]
[EventDate "2020.??.??"]
[TimeControl "5400+30"]

1. d4 d5 2. c4 c6 3. Nf3 Nf6 4. g3 e6 5. b3 Nbd7 6. Bg2 Bd6 7. O-O O-O 8. Bb2
Ne4 9. Nfd2 Nxd2 10. Nxd2 f5 11. e3 Nf6 12. cxd5 exd5 13. Re1 Qe8 14. h3 Qg6
15. Nf3 Ne4 16. Ne5 Bxe5 17. dxe5 Be6 18. Rf1 Rac8 19. Rc1 Qh6 20. Qe1 Qg6 21.
Kh2 Ng5 22. Ba3 Rfe8 23. h4 Nf7 24. f4 Nh6 25. Bf3 Qf7 26. Rf2 Qd7 27. Rfc2 Qf7
28. Qe2 Qd7 29. Bb2 Qe7 30. Rc5 g6 31. Ba3 {Game drawn by agreement} 1/2-1/2

[Event "Live Chess"]
[Site "Chess.com"]
[Date "2020.04.04"]
[Round "?"]
[White "Ranganathan, Ananta"]
[Black "Harriman, Grady"]
[Result "1-0"]
[WhiteElo "1367"]
[BlackElo "285"]
[PlyCount "55"]
[EventDate "2020.??.??"]
[TimeControl "5400+30"]

1. Nf3 d5 2. c4 Nf6 3. cxd5 Nxd5 4. Nc3 Nxc3 5. bxc3 Nc6 6. d4 Bg4 7. e4 e5 8.
d5 Bxf3 9. gxf3 Ne7 10. Bc4 c6 11. f4 cxd5 12. Bxd5 Nxd5 13. exd5 e4 14. O-O
Qf6 15. Qd4 Qg6+ 16. Kh1 Bd6 17. Rg1 Qh6 18. Qxe4+ Kf8 19. Qg2 Re8 20. f5 Qf6
21. Qf3 g6 22. Bh6+ Kg8 23. Rg2 Qh4 24. Bg5 Qc4 25. Bf6 Be5 26. Bxh8 Bxh8 27.
fxg6 Bxc3 28. Qxf7+ {anantadr won by resignation} 1-0

[Event "Live Chess"]
[Site "Chess.com"]
[Date "2020.04.04"]
[Round "?"]
[White "Ranganathan, Ananta"]
[Black "Wang, Jalen"]
[Result "1/2-1/2"]
[WhiteElo "1367"]
[BlackElo "1263"]
[PlyCount "75"]
[EventDate "2020.??.??"]
[TimeControl "5400+30"]

1. c4 g6 2. g3 Bg7 3. Bg2 Nc6 4. Nc3 d6 5. Nf3 Nf6 6. O-O O-O 7. Rb1 a5 8. a3
Be6 9. d3 d5 10. cxd5 Nxd5 11. Nxd5 Bxd5 12. b4 axb4 13. Bb2 f6 14. axb4 Nxb4
15. Bxf6 exf6 16. Rxb4 Qe7 17. Rb1 f5 18. Nd2 Bxg2 19. Kxg2 Qe6 20. Qb3 Qxb3
21. Rxb3 b6 22. Rc1 Rf7 23. f4 Ra2 24. Rd1 Re7 25. Kf3 Rc2 26. e4 fxe4+ 27.
Nxe4 Rxh2 28. Rc1 Rh5 29. Rb4 Rd5 30. Ke2 Red7 31. Nf2 g5 32. Rbc4 c5 33. Rb1
R5d6 34. Ne4 Re6 35. fxg5 h6 36. gxh6 Rxh6 37. Nc3 Re7+ 38. Kf3 {Game drawn by
agreement} 1/2-1/2

[Event "Live Chess"]
[Site "Chess.com"]
[Date "2020.04.05"]
[Round "?"]
[White "Bunch, Drew"]
[Black "Ranganathan, Ananta"]
[Result "1-0"]
[WhiteElo "1169"]
[BlackElo "1367"]
[PlyCount "74"]
[EventDate "2020.??.??"]
[TimeControl "5400+30"]

1. e4 c5 2. Nf3 d6 3. d4 cxd4 4. Nxd4 Nf6 5. Nc3 g6 6. Bc4 Bg7 7. Be3 O-O 8.
O-O Nc6 9. Qd2 Ne5 10. Bb3 Neg4 11. Bg5 h6 12. Bh4 g5 13. Bg3 Nh5 14. Rad1 Nxg3
15. fxg3 Bd7 16. h3 Ne5 17. Nf5 Bxf5 18. exf5 Qb6+ 19. Kh1 Rac8 20. Nd5 Qd8 21.
Rfe1 Re8 22. Ba4 Nc6 23. c3 a6 24. c4 Rb8 25. Qe2 Qa5 26. Bxc6 bxc6 27. Nxe7+
Kh7 28. Qh5 Rb7 29. Qxf7 Rbxe7 30. Rxe7 Rxe7 31. Qxe7 Qxf5 32. Qxd6 Bxb2 33.
Qd3 Qxd3 34. Rxd3 a5 35. Rd7+ Kg8 36. Rc7 Be5 37. Rxc6 Bxg3 {drewbchess won by
resignation} 1-0